 Dungeon Sprint DCSS version 0.31-a0-963-ga325b2283a (webtiles) character file.

Game seed: 6360025081282946385

9515 Conn the Arsonist (level 11, -16/75 HPs)
             Began as an Octopode Fire Elementalist on Oct 25, 2023.
             Was a High Priest of Sif Muna.
             Killed from afar by a deep elf high priest (36 damage)
             ... with damnation
             ... in the Dungeon (Sprint II: "The Violet Keep of Menkaure").
             The game lasted 00:31:11 (2872 turns).

Conn the Arsonist (Octopode Fire Elementalist)      Turns: 2872, Time: 00:31:11

Health: -16/75     AC:  1    Str:  8    XL:     11   Next: 47%
Magic:  21/27      EV: 13    Int: 21    God:    Sif Muna [*****.]
Gold:   10         SH: 10    Dex: 13    Spells: 8/35 levels left

rFire   + + .        p - staff of poison
rCold   + + +        s - +1 kite shield {rC+ rF+}
rNeg    . . .        (helmet restricted)
rPois   +            (no amulet)
rElec   +            o - ring of protection from cold
rCorr   +            (no ring)
SInv    .            (no ring)
Will    .....        (no ring)
Stlth   +++++        (no ring)
HPRegen 0.32/turn    (no ring)
MPRegen 0.20/turn    (no ring)
                     (no ring)

%: no teleportation
@: resistant, channelling
A: almost no armour, amphibious, 8 rings, camouflage 1, gelatinous body 1,
(nimble swimmer 1), tentacles, deterioration 1
a: Renounce Religion, Channel Magic, Forget Spell, Divine Exegesis


You were in the Dungeon.
You worshipped Sif Muna.
Sif Muna was extremely pleased with you.
You visited 1 branch You collected 1485 gold pieces.
You spent 1475 gold pieces at shops.

Inventory:

Hand Weapons
 h - a +1 dagger of electrocution
 r - the +1 great mace "Uhi Lona" {freeze, rPois}
   (You bought it in a shop in the Dungeon)

   rPois:     It protects you from poison
 t - the +3 scimitar of Veosaa {freeze, Dex+3}
   (You bought it in a shop in the Dungeon)

   Dex+3:     It affects your dexterity (+3).
Armour
 s - a +1 kite shield of resistance (worn)
Magical Staves
 p - a staff of poison (weapon)
Jewellery
 o - a ring of protection from cold (left tentacle)
Scrolls
 f - 2 scrolls of blinking
 m - a scroll of enchant weapon
 u - a scroll of immolation
 v - a scroll of vulnerability
Potions
 a - 6 potions of magic
 b - 4 potions of curing
 c - a potion of heal wounds
 d - a potion of lignification
 e - 2 potions of attraction
 g - a potion of cancellation
 j - a potion of berserk rage
 k - 3 potions of enlightenment
 l - 2 potions of resistance
 n - a potion of ambrosia {unknown}


   Skills:
 + Level 7.1 Fighting
 + Level 7.4 Dodging
 - Level 8.7 Stealth
 * Level 5.2 Shields
 - Level 12.9 Spellcasting
 + Level 9.3 Conjurations
 - Level 5.0 Hexes
 + Level 7.8 Summonings
 - Level 13.1 Fire Magic
 * Level 6.3 Ice Magic
 * Level 9.3 Invocations


You had 8 spell levels left.
You knew the following spells:

 Your Spells              Type           Power      Damage    Failure   Level
a - Foxfire               Conj/Fire      100%       2x1d9     1%          1
b - Scorch                Fire           100%       2d9       1%          2
c - Inner Flame           Hex/Fire       51%        N/A       1%          3
d - Flame Wave            Conj/Fire      57%        2d14      2%          4
e - Summon Guardian Gole  Hex/Summ       40%        N/A       5%          3
f - Call Canine Familiar  Summ           46%        N/A       3%          3
g - Summon Small Mammal   Summ           100%       N/A       1%          1
h - Metabolic Englaciati  Hex/Ice        18%        N/A       54%         5
i - Fireball              Conj/Fire      28%        3d12      7%          5

Your spell library contained the following spells:

 Spells                   Type           Power      Damage    Failure   Level
 Call Imp                 Summ           92%        N/A       1%          2
 Jinxbite                 Hex            68%        N/A       4%          2
 Volatile Blastmotes      Fire/Tloc      82%        2d16      4%          3
 Frozen Ramparts          Ice            80%        1d13      5%          3
 Sigil of Binding         Hex            34%        N/A       10%         3
 Fulminant Prism          Conj/Hex       21%        3d12      13%         4
 Leda's Liquefaction      Hex/Erth       12%        N/A       65%         4
 Petrify                  Tmut/Erth      13%        N/A       94%         4
 Spellforged Servitor     Conj/Summ      24%        N/A       99%         7
 Monstrous Menagerie      Summ           23%        N/A       100%        7
 Summon Hydra             Summ           23%        N/A       100%        7
 Discord                  Hex            17%        N/A       100%        8


Dungeon Overview and Level Annotations

Branches:
Dungeon (1/1)

Altars:
Cheibriados
Dithmenos
Elyvilon
Fedhas
Gozag
Hepliaklqana
Kikubaaqudgha
Makhleb
Nemelex Xobeh
Okawaru
Qazlal
Ru
Sif Muna
Trog
Uskayaw
Vehumet
Wu Jian
Xom
Yredelemnul
Zin
The Shining One
Jiyva
Lugonu

Shops:
D !:[?[(?=?!(*:=!

Annotations:
D exclusion: oklob plant


Innate Abilities, Weirdness & Mutations

You cannot wear most types of armour.
You are amphibious.
You can wear up to eight rings at the same time.
Your skin changes colour to match your surroundings (Stealth+).
Your rubbery body absorbs attacks. (AC +1, EV +1)
((You are camouflaged when in or above water. (Stealth+)))
You have tentacles for arms and can constrict up to eight enemies at once.
Your body sometimes deteriorates upon taking damage.


Message History

Your guardian golem disappears in a puff of smoke!
You hear an explosion!
The fiery explosion engulfs the bone dragon!!
The bone dragon resists.
Flame seeps out of the bone dragon.
The bone dragon is moderately damaged.
The bone dragon is engulfed in blazing flames.
Flame seeps out of the bone dragon.
You feel your dexterity returning.
Your Shields skill increases to level 5!
Your Ice Magic skill increases to level 6!
Your Invocations skill increases to level 9!
Unknown command.
Unknown command.
Unknown command.
Unknown command.
Casting: Fireball (dangerous; 7% risk of failure)
Confirm with . or Enter, or press ? or * to list all spells.
Okay, then.
Unknown command.
Unknown command.
Unknown command.
Unknown command.
Okay, then.
Unknown command.
Unknown command.
As you read the scroll of butterflies, it crumbles to dust.
You hear the flapping of tiny wings.
The bone dragon is knocked back by the sudden gust.
The frost giant points at you and mumbles some strange words.
The bolt of cold hits your butterfly!!
Your butterfly dies!
Your butterfly disappears in a burst of colours!
The bolt of cold misses your butterfly. The bolt of cold hits your butterfly!!!
Your butterfly dies!
Your butterfly disappears in a burst of colours!
The bolt of cold hits you! You resist.
* * * LOW HITPOINT WARNING * * *
The deep elf high priest invokes the aid of its god against you.
The sphere of damnation explodes!
The damnation engulfs you!!!
You die...

####+#### ##≈≈≈≈≈≈≈##
##≈≈≈≈≈§≈≈≈## ### '≈≈≈§§≈≈≈§≈≈#
##.e.####≈≈≈≈§≈≈≈§#
..$.2e†§##≈≈††≈†≈#
############C☼#+++#+++##
###########D§bb.@bbb.b.#
##.∩.∩....#bbbbb##b##..#
##..∩.∩...#bbbb####b##.#### +.##
##...∩.∩..#~bbb#..##b#....# ...
##....∩.⌠.#~~####...####..## #..
##...∩.∩..#~##.###'###.##..# +..
##....∩...#~#...##.##.#.#..# #..
##.∩.∩....'~'.##'.<.'###'..####..
##∩.∩.....#~#...##z##.#.#....###.


You could see a bone dragon (inner flame, ally target), a frost giant (inner
flame, empowered, ally target), a cacodemon and a deep elf high priest
(brilliance aura).

Vanquished Creatures
  A kraken (D)
  A storm dragon (D)
  A centaur warrior (D)
  A boulder beetle (D)
  2 deep trolls (D)
  An elephant (D)
  A yaktaur (D)
  3 polar bears (D)
  A hornet (D)
  A blink frog (D)
  3 yaks (D)
  2 wyverns (D)
  3 neqoxecs (D)
  Menkaure (D)
  4 water moccasins (D)
  A swamp drake (D)
  4 necrophages (D)
  9 electric eels (D)
  3 tentacles (D)
43 creatures vanquished.

Vanquished Creatures (others)
  Kirke (D)
  A yaktaur captain (D)
  A boulder beetle (D)
  A kobold demonologist (D)
  A neqoxec (D)
  A water moccasin (D)
  53 foxfires (D)
  7 tentacles (D)
66 creatures vanquished.

Grand Total: 109 creatures vanquished

Notes
Turn   | Place    | Note
-------+----------+-------------------------------------------
     0 | D        | Conn the Octopode Fire Elementalist began the quest for the
                  | Orb.
     0 | D        | Reached XP level 1. HP: 11/11 MP: 3/3
     1 | D        | Noticed a necrophage
     1 | D        | Noticed a necrophage
     1 | D        | Noticed a necrophage
     1 | D        | Noticed a necrophage
     8 | D        | Killed a necrophage
     9 | D        | Reached skill level 5 in Fire Magic
     9 | D        | Reached XP level 2. HP: 9/17 MP: 4/6
     9 | D        | Reached XP level 3. HP: 11/21 MP: 4/7
     9 | D        | Reached XP level 4. HP: 14/27 MP: 4/8
    12 | D        | Killed a necrophage
    13 | D        | Reached skill level 7 in Fire Magic
    13 | D        | Reached XP level 5. HP: 10/31 MP: 4/10
    17 | D        | Reached skill level 5 in Stealth
    17 | D        | Reached skill level 8 in Fire Magic
    19 | D        | Reached skill level 5 in Conjurations
    19 | D        | Reached XP level 6. HP: 13/36 MP: 4/13
    45 | D        | Learned a level 2 spell: Scorch
    49 | D        | Learned a level 3 spell: Inner Flame
    54 | D        | Learned a level 4 spell: Flame Wave
    56 | D        | Found Onoelougaq's Distillery.
    56 | D        | Found Qiqeuse's Assorted Antiques.
    56 | D        | Found Dyzum's Jewellery Shoppe.
    56 | D        | Found Yhei's Antique Weapon Emporium.
    57 | D        | Found Qaufeney's Book Emporium.
    57 | D        | Found Hioth's Magic Scroll Shoppe.
    57 | D        | Found Weozeq's Jewellery Emporium.
    57 | D        | Found Anarair's Magic Scroll Shoppe.
    58 | D        | Found Xexa's Antique Weapon Emporium.
    58 | D        | Found Leack's Antique Armour Shoppe.
    58 | D        | Noticed a hell hog
    59 | D        | Found Ypsimm's Distillery.
    59 | D        | Noticed a water moccasin
    65 | D        | Killed a water moccasin
    66 | D        | Reached skill level 5 in Dodging
    66 | D        | Reached skill level 5 in Spellcasting
    66 | D        | Reached skill level 9 in Fire Magic
    69 | D        | Found Baaghyra's Magic Scroll Shoppe.
    69 | D        | Found Jemmuhih's Antique Armour Emporium.
    69 | D        | Noticed a hell hog
    69 | D        | Noticed an oklob plant
    70 | D        | Found Obberit's Distillery.
    70 | D        | Found Qumofera's Book Shoppe.
    70 | D        | Noticed a cane toad
    70 | D        | Noticed a cane toad
    74 | D        | Bought a potion of lignification for 36 gold pieces
    75 | D        | Bought a book of Callings for 200 gold pieces
    84 | D        | Noticed a blink frog
    88 | D        | Killed a blink frog
    89 | D        | Reached skill level 10 in Fire Magic
    89 | D        | Reached XP level 7. HP: 31/41 MP: 4/16
   100 | D        | Noticed an ice statue
   102 | D        | Noticed Menkaure
   108 | D        | Killed Menkaure
   113 | D        | Found an iron altar of Okawaru.
   113 | D        | Found a radiant altar of Vehumet.
   113 | D        | Found a glowing silver altar of Zin.
   114 | D        | Found a sparkling altar of Nemelex Xobeh.
   114 | D        | Found a hide-covered altar of Uskayaw.
   114 | D        | Found a basalt altar of Yredelemnul.
   114 | D        | Found a glowing golden altar of the Shining One.
   115 | D        | Found an opulent altar of Gozag.
   115 | D        | Found a burning altar of Makhleb.
   115 | D        | Found a bloodstained altar of Trog.
   115 | D        | Found a shimmering altar of Xom.
   116 | D        | Found a blossoming altar of Fedhas.
   116 | D        | Found a corrupted altar of Lugonu.
   116 | D        | Found a shimmering blue altar of Sif Muna.
   117 | D        | Found a white marble altar of Elyvilon.
   117 | D        | Found an ancient bone altar of Kikubaaqudgha.
   118 | D        | Found a shadowy altar of Dithmenos.
   118 | D        | Found a viscous altar of Jiyva.
   118 | D        | Found a sacrificial altar of Ru.
   121 | D        | Found a snail-covered altar of Cheibriados.
   123 | D        | Found a hazy altar of Hepliaklqana.
   124 | D        | Found an ornate altar of the Wu Jian Council.
   124 | D        | Found a stormy altar of Qazlal.
   130 | D        | Became a worshipper of Sif Muna the Loreminder
   134 | D        | Reached skill level 11 in Fire Magic
   241 | D        | Noticed a yaktaur
   241 | D        | Noticed a hornet
   241 | D        | Noticed a polar bear
   241 | D        | Noticed a polar bear
   242 | D        | Noticed a polar bear
   248 | D        | Learned a level 3 spell: Summon Guardian Golem
   258 | D        | Killed a polar bear
   258 | D        | Killed a hornet
   258 | D        | Reached * piety under Sif Muna
   258 | D        | Killed a polar bear
   258 | D        | Killed a polar bear
   259 | D        | Reached skill level 1 in Hexes
   259 | D        | Reached skill level 12 in Fire Magic
   259 | D        | Reached XP level 8. HP: 47/47 MP: 2/20
   260 | D        | Killed a yaktaur
   260 | D        | Reached ** piety under Sif Muna
   261 | D        | Reached skill level 13 in Fire Magic
   261 | D        | Reached XP level 9. HP: 20/52 MP: 1/21
   557 | D        | Reached skill level 1 in Fighting
   557 | D        | Reached skill level 1 in Invocations
   558 | D        | Noticed a kraken
   566 | D        | Reached skill level 1 in Summonings
   687 | D        | Learned a level 3 spell: Call Canine Familiar
   689 | D        | Learned a level 1 spell: Summon Small Mammal
   692 | D        | Reached *** piety under Sif Muna
   728 | D        | Noticed a deep troll
   728 | D        | Noticed a deep troll
   740 | D        | Killed a deep troll
   795 | D        | Killed a deep troll
   796 | D        | Reached skill level 10 in Spellcasting
   796 | D        | Reached XP level 10. HP: 64/64 MP: 0/24
  1260 | D        | Killed a kraken
  1261 | D        | Reached skill level 5 in Fighting
  1261 | D        | Reached skill level 5 in Summonings
  1261 | D        | Reached skill level 5 in Invocations
  1446 | D        | Learned a level 5 spell: Metabolic Englaciation
  1499 | D        | Gained mutation: Your body sometimes deteriorates upon
                  | taking damage. [a neqoxec]
  1506 | D        | Reached **** piety under Sif Muna
  1510 | D        | Reached skill level 1 in Ice Magic
  1674 | D        | Reached ***** piety under Sif Muna
  1774 | D        | Noticed a boulder beetle
  1774 | D        | Noticed a boulder beetle
  1790 | D        | Killed a boulder beetle
  1792 | D        | Killed a boulder beetle
  1945 | D        | Bought a shiny marble ring for 95 gold pieces
  1945 | D        | Bought a thick smoking staff for 228 gold pieces
  1954 | D        | Bought a scroll of butterflies for 44 gold pieces
  1961 | D        | Bought a crystal great mace for 264 gold pieces
  1961 | D        | Identified the +1 great mace "Uhi Lona" {freeze, rPois}
                  | (You bought it in a shop in the Dungeon)
  1963 | D        | Bought a potion of heal wounds for 50 gold pieces
  1969 | D        | Bought a glowing kite shield for 142 gold pieces
  1971 | D        | Bought a fine scimitar for 243 gold pieces
  1971 | D        | Identified the +3 scimitar of Veosaa {freeze, Dex+3} (You
                  | bought it in a shop in the Dungeon)
  1976 | D        | Bought a scroll of identify for 22 gold pieces
  1981 | D        | Bought a scroll labelled LANIODW JINAUF for 19 gold pieces
  1989 | D        | Bought a scroll of immolation for 52 gold pieces
  1990 | D        | Bought a potion of cancellation for 80 gold pieces
  2032 | D        | Noticed a centaur warrior
  2032 | D        | Noticed Kirke
  2032 | D        | Noticed a kobold demonologist
  2034 | D        | Noticed a yaktaur captain
  2035 | D        | Noticed a skeletal warrior
  2039 | D        | Noticed a lindwurm
  2042 | D        | Killed a yaktaur captain
  2043 | D        | Reached skill level 5 in Hexes
  2043 | D        | Reached XP level 11. HP: 36/74 MP: 13/27
  2082 | D        | Killed a centaur warrior
  2082 | D        | Identified the of Jyzirhagg (Sif Muna gifted it to you in
                  | the Dungeon)
  2082 | D        | Received a gift from Sif Muna
  2092 | D        | Learned a level 5 spell: Fireball
  2236 | D        | Reached skill level 5 in Ice Magic
  2526 | D        | Killed Kirke
  2757 | D        | Identified the of Pososhru (Sif Muna gifted it to you in
                  | the Dungeon)
  2757 | D        | Received a gift from Sif Muna
  2854 | D        | Noticed a storm dragon
  2856 | D        | Noticed a bone dragon
  2859 | D        | Noticed a frost giant
  2860 | D        | Noticed a golden dragon
  2863 | D        | Noticed a deep elf high priest
  2867 | D        | Noticed a cacodemon
  2870 | D        | Killed a storm dragon
  2871 | D        | Reached skill level 5 in Shields
  2872 | D        | Killed from afar by a deep elf high priest

Illustrated notes

Levels and vault maps discovered:
D:        the_violet_keep_of_menkaure [sprint2_stairs_cluster_1,
          sprint2_shoproom, sprint2_temple, sprint2_basic_supplies,
          sprint2_obstacle_2, sprint2_obstacle_5, sprint2_obstacle_7,
          sprint2_obstacle_3, sprint2_obstacle_1, sprint2_timed_cluster_1,
          sprint2_smallroom_cluster_1, sprint2_smallroom_final_cluster_1,
          sprint2_transparent_cluster_1, sprint2_second_timed_cluster_1,
          sprint2_sniper_area_1, sprint2_heavy_combat_area_1,
          sprint2_mutation_trap_area_1, sprint2_forest_area_1,
          sprint2_light_combat_area_1, sprint2_behind_water_1,
          sprint2_near_end_vault_1]

Skill      XL: |  1  2  3  4  5  6  7  8  9 10 11 |
---------------+----------------------------------+-----
Dodging        | 3 4 5 6 7 |  7.4
Stealth        | 4 5 6 8 |  8.7
Spellcasting   | 3 4 6 8 10 12 | 12.9
Conjurations   | 3 4 5 6 8 9 |  9.3
Fire Magic     | 5 7 8 10 12 13 | 13.1
Hexes          | 1 2 3 5 |  5.0
Fighting       | 4 6 7 |  7.1
Invocations    | 4 7 9 |  9.3
Summonings     | 4 6 7 |  7.8
Ice Magic      | 4 6 |  6.3
Shields        | 2 5 |  5.2

Action                     |  1- 3 |  4- 6 |  7- 9 | 10-12 || total
---------------------------+-------+-------+-------+-------++-------
  Melee: Unarmed           |     5 |     8 |       |     1 ||    14
         Tentacles         |     1 |     5 |       |       ||     6
         Constrict         |     1 |     3 |       |       ||     4
         Punch             |       |     1 |       |       ||     1
         Staff             |       |       |       |     1 ||     1
   Cast: Foxfire           |       |     4 |    16 |     9 ||    29
         Scorch            |       |     3 |    24 |    34 ||    61
         Inner Flame       |       |       |     4 |    24 ||    28
         Summon Guardian G |       |       |     3 |    10 ||    13
         Call Canine Famil |       |       |       |     7 ||     7
         Summon Small Mamm |       |       |       |     6 ||     6
         Flame Wave        |       |       |       |     4 ||     4
         Fireball          |       |       |       |     6 ||     6
 Invoke: Channel Magic     |       |       |       |     1 ||     1
    Use: Potion            |     2 |       |       |     5 ||     7
         Scroll            |       |       |       |     8 ||     8
 Armour: Skin              |     2 |     1 |     4 |    33 ||    40
  Dodge: Dodged            |     1 |     6 |     3 |    14 ||    24
  Block: Kite shield       |       |       |       |     8 ||     8

Table legend: (Time is in decaauts)
 A = Elapsed time spent in this place.
 B = Non-inter-level travel time spent in this place.
 C = Inter-level travel time spent in this place.
 D = Time resting spent in this place.
 E = Time spent auto-exploring this place.
 F = Levels seen in this place.
 G = Mean time per level.
                   A        B        C        D        E       F      G
               +--------+--------+--------+--------+--------+-----+--------+
         Total |   2864 |   2864 |      0 |   1792 |      0 |   1 | 2864.0 |
       Dungeon |   2864 |   2864 |      0 |   1792 |      0 |   1 | 2864.0 |
               +--------+--------+--------+--------+--------+-----+--------+

Top non-repeatable levels by time:
       D: 2864 daAuts
